 Dungeon Crawl Stone Soup version 0.28-a0-938-gbc3f381ebc (console) character file.

Game seed: 8908382336826950150

183156 jejorda2 the Impaler (level 18, -1/226 HPs)
             Began as a Merfolk Berserker on Nov 29, 2021.
             Was the Champion of Trog.
             Slain by a salamander (4 damage)
             ... on level 4 of the Snake Pit.
             The game lasted 01:21:22 (26447 turns).

jejorda2 the Impaler (Merfolk Berserker)           Turns: 26447, Time: 01:21:23

Health: -1/226     AC: 33    Str: 24    XL:     18   Next: 36%
Magic:  15/18      EV: 11    Int:  7    God:    Trog [******]
Gold:   1391       SH:  0    Dex: 14    Spells: 17/17 levels left

rFire   + . .      SeeInvis .   a - +8 glaive {elec, spectral, AC+5}
rCold   + . .      Faith    .   (shield currently unavailable)
rNeg    . . .      Spirit   .   U - +3 chain mail {rPois}
rPois   +          Reflect  .   O - +2 hat
rElec   .          Harm     .   H - scarf {rC+ rF+}
rCorr   .          Rampage  .   k - +2 pair of gloves
Will    +....                   Q - +0 pair of boots
Stlth   ..........              B - amulet of regeneration
HPRegen 1.27/turn               o - +4 ring of slaying
MPRegen 0.16/turn               D - +4 ring of protection

@: berserking, lethally poisoned (-1 -> -2), marked, weakened, very quick
A: (nimble swimmer 2), mertail
a: Renounce Religion, Berserk, Trog's Hand, Brothers in Arms


You were on level 4 of the Snake Pit.
You worshipped Trog.
Trog was exalted by your worship.
You visited 5 branches of the dungeon, and saw 28 of its levels.
You also visited: Ice Cave and Volcano.

You collected 2965 gold pieces.
You spent 1574 gold pieces at shops.

Inventory:

Hand Weapons
 a - the +8 glaive of the Guard (weapon) {elec, spectral, AC+5}
   (Trog gifted it to you on level 9 of the Dungeon)

   It occasionally discharges a powerful burst of electricity upon striking a
   foe.
   When it strikes, its spirit leaps out and fights alongside the wielder.
   AC:        It affects your AC (+5).
 b - a +3 halberd of flaming
 s - a +4 antimagic glaive
 w - the +10 glaive of Ebeddo Reo {vorpal, rElec rN++ Str-4 SInv Stlth+}
   (Trog gifted it to you on level 2 of the Orcish Mines)

   It inflicts extra damage upon your enemies.
   Str:       It affects your strength (-4).
   rElec:     It insulates you from electricity.
   rN:        It greatly protects you from negative energy.
   SInv:      It lets you see invisible.
   Stlth:     It makes you more stealthy.
 R - a +0 bardiche
 Y - the +8 glaive "Maosmume" {vorpal, +Blink rCorr Str-3}
   (Trog gifted it to you on level 2 of the Orcish Mines)

   It inflicts extra damage upon your enemies.
   Str:       It affects your strength (-3).
   +Blink:    It lets you blink.
   rCorr:     It protects you from acid and corrosion.
Missiles
 c - 26 boomerangs (quivered)
 i - 848 stones
 l - 8 javelins
 t - 5 throwing nets
 y - 62 poisoned darts
 G - 8 curare-tipped darts
 T - 151 sling bullets
Armour
 k - a +2 pair of gloves (worn)
 H - a scarf of resistance (worn)
 O - a +2 hat (worn)
 Q - a +0 pair of boots (worn)
 U - a +3 chain mail of poison resistance (worn)
Jewellery
 o - a +4 ring of slaying (left hand)
 B - an amulet of regeneration (around neck)
 D - a +4 ring of protection (right hand)
 M - the ring "Ylleocvi" {rCorr Slay+3}
   (You found it on level 3 of the Snake Pit)

   [ring of resist corrosion]

   Slay:      It affects your accuracy & damage with ranged weapons and melee
   (+3).
   rCorr:     It protects you from acid and corrosion.
 P - a ring of positive energy
 Z - the ring "Semes" {rF+ Will+ Str+7 Int+4 Dex-2}
   (You found it on level 3 of the Snake Pit)

   [ring of protection from fire]

   Str:       It affects your strength (+7).
   Int:       It affects your intelligence (+4).
   Dex:       It affects your dexterity (-2).
   rF:        It protects you from fire.
   Will:      It increases your willpower.
Wands
 j - a wand of digging (19)
 u - a wand of flame (76)
 v - a wand of polymorph (13)
 x - a wand of iceblast (65)
 C - a wand of acid (11)
 F - a wand of mindburst (18)
 K - a wand of paralysis (21)
Scrolls
 e - 2 scrolls of blinking
 g - 5 scrolls of teleportation
 z - 3 scrolls of magic mapping
 E - 12 scrolls of fog
 J - a scroll of enchant weapon
 N - 2 scrolls of holy word
 S - a scroll of fear
Potions
 f - 6 potions of flight
 h - 4 potions of cancellation
 n - 12 potions of curing
 p - 4 potions of attraction
 q - 5 potions of might
 r - 5 potions of lignification
 A - 4 potions of heal wounds
 L - 2 potions of mutation
 V - 3 potions of haste
 W - 2 potions of resistance
 X - 2 potions of ambrosia
Miscellaneous
 d - a tin of tremorstones (2/2)


   Skills:
 - Level 16.0 Fighting
 - Level 20.0 Polearms
 - Level 16.0 Throwing
 + Level 16.1 Armour
 * Level 6.7 Dodging
 * Level 7.7 Evocations


You had 17 spell levels left.
You didn't know any spells.
Your spell library was empty.

Dungeon Overview and Level Annotations

Branches:
Dungeon (15/15)            Temple (1/1) D:4            Lair (6/6) D:11
 Shoals (0/4) Lair:2        Snake (4/4) Lair:4        Slime (0/5) Lair:5
    Orc (2/2) D:12            Elf (0/3) Orc:2        Vaults (0/5) D:13
 Depths (0/4) D:15          IceCv (visited)         Volcano (visited)

Altars:
Ashenzari
Elyvilon
Qazlal
Sif Muna
Uskayaw
Zin
Beogh

Shops:
D:5 *   D:13 (   D:14 !   Orc:2 [(((   Snake:2 :


Innate Abilities, Weirdness & Mutations

((You are quick and stealthy near water. (Stealth+, EV+, Speed+++)))
Your lower body shifts to a powerful aquatic tail in water.


Message History

Trog accepts your kill.
The naga ritualist prays to its god.
The naga ritualist begins to radiate toxic energy.
* * * LOW HITPOINT WARNING * * *
You are poisoned.
Your stone giant is poisoned.
A salamander comes into view. It is wielding a +0 halberd.
You miss the shock serpent.
Your +8 glaive of the Guard {elec, spectral, AC+5} hits the shock serpent!!
The shock serpent's electric aura discharges, shocking your +8 glaive of the Guard {elec, spectral, AC+5}!
Your +8 glaive of the Guard {elec, spectral, AC+5} resists.
Your spectral weapon shares its damage with you!
* * * LOW HITPOINT WARNING * * *
You feel sick.
* * * LOW HITPOINT WARNING * * *
The salamander hits you from afar with a +0 halberd.
* * * LOW HITPOINT WARNING * * *
You are engulfed in flames!
You resist.
* * * LOW HITPOINT WARNING * * *
You slice the shock serpent!!
The shock serpent is almost dead.
Your +8 glaive of the Guard {elec, spectral, AC+5} hits the shock serpent.
You kill the shock serpent!
Trog accepts your kill.
The air sparks with electricity, shocking you!
The salamander hits you but does no damage.
The salamander hits you from afar with a +1 trident!
* * * LOW HITPOINT WARNING * * *
You are engulfed in flames.
You resist.
* * * LOW HITPOINT WARNING * * *
Unknown command.
You barely miss the salamander tyrant.
Your +8 glaive of the Guard {elec, spectral, AC+5} hits the salamander tyrant from afar.
You feel sick. The naga warrior spits poison at you.
The splash of poison hits you but does no damage.
You resist.
Your stone giant hits the salamander!!!
The salamander hits you but does no damage.
The salamander hits you from afar with a +0 halberd.
You die...

.. #. #...........!
.. #. #............
#.######.....?#####.
#............## ##
#..........###
#....NN....#
#....N#.....#
#..N§###....+ ##(@##
##...+ #.C# #...+
+#######NN# ##..#
#......NSS# .##
........NS# .# #
.)......NN### ..#
..##........####....
. #................
............†.....


You could see a naga warrior (fast, catching breath), a salamander tyrant
(strong), a salamander mystic, 5 salamanders, a naga ritualist (toxic aura, ally
target), 2 mana vipers, a guardian serpent, a naga, a friendly stone giant
(summoned, berserk, poisoned) and a friendly +8 glaive of the Guard {elec,
spectral, AC+5} (summoned).

Vanquished Creatures
  Rupert (D:13)
  A nagaraja (Snake:2)
  Donald (Orc:2)
  A frost giant (D:10)
  Aizul (Snake:1)
  2 orc warlords
  A juggernaut zombie (D:15)
  A reaper (IceCv)
  Azrael (D:15)
  A dire elephant (Lair:6)
  An ettin (Orc:2)
  A fire dragon (Lair:6)
  14 hydras
  11 boulder beetles
  Harold (D:8)
  11 naga warriors
  11 anacondas
  Erolcha (D:13)
  8 centaur warriors
  A death knight (D:15)
  11 two-headed ogres
  2 ogre magi (D:15)
  Erica (D:9)
  6 death yaks (Lair:6)
  Urug (Lair:5)
  7 naga sharpshooters
  2 orc high priests (Orc:2)
  7 shock serpents
  Sonja (D:13)
  3 skeletal warriors (D:15)
  2 salamander mystics
  3 flayed ghosts
  A deep troll (D:13)
  2 deep elf archers
  Pikel (D:8)
  4 naga ritualists
  3 lindwurms
  4 orc knights
  A phantasmal warrior (D:10)
  3 necromancers
  7 mana vipers
  11 deep elf pyromancers
  4 cyclopes
  14 ugly things
  5 salamanders
  A frost giant zombie (D:15)
  4 manticores
  4 orc sorcerers
  6 elephants (Lair:4)
  2 ice statues (IceCv)
  6 guardian serpents
  Joseph (Lair:1)
  Maurice (D:11)
  15 naga magi
  2 torpor snails
  2 spriggan zombies (D:15)
  45 black mambas
  2 molten gargoyles (Lair:6)
  3 freezing wraiths
  10 cane toads
  2 gargoyles (D:10)
  2 efreet
  An anaconda simulacrum (IceCv)
  5 kobold demonologists
  2 unseen horrors
  16 komodo dragons
  3 entropy weaver simulacra (IceCv)
  8 trolls
  6 ice devils (IceCv)
  A jumping spider (shapeshifter) (D:14)
  6 polar bears
  A queen bee (shapeshifter) (D:13)
  A hornet (D:7)
  Prince Ribbit (D:5)
  7 blink frogs (Lair:6)
  11 slime creatures
  16 dream sheep
  Sigmund (D:5)
  2 shadows
  3 dire elephant simulacra (IceCv)
  A vampire (D:11)
  8 wyverns
  8 humans (D:8)
  3 steam dragons
  82 yaks
  3 wraiths
  8 fire elementals
  3 basilisks
  2 vampire mosquitoes (D:10)
  2 death yak simulacra (IceCv)
  Grum (D:8)
  3 harpy simulacra (IceCv)
  37 nagas
  3 wargs
  Duvessa (D:4)
  15 water moccasins
  8 acid dragons
  12 hell hounds
  45 orc warriors
  A sky beast (D:8)
  6 black bears
  A black bear (shapeshifter) (D:13)
  9 centaurs
  A necrophage (D:4)
  8 wolves
  A boggart (D:15)
  13 ogres
  2 lemures (D:8)
  2 phantoms
  A gnoll sergeant (D:8)
  8 kobold brigands
  A wyvern zombie (D:7)
  7 bullfrogs
  4 scorpions
  A wyvern skeleton (D:5)
  Dowan (D:4)
  17 killer bees
  A wight (D:10)
  2 vampire bats (Lair:6)
  4 howler monkeys
  A bullfrog zombie (D:5)
  5 lava snakes (Lair:6)
  3 centaur zombies
  6 hounds
  4 jellies
  2 gnoll shamans
  25 orc priests
  A centaur skeleton (D:7)
  7 bullfrog skeletons
  4 iguanas (D:4)
  Ijyb (D:8)
  38 orc wizards
  A polar bear simulacrum (Lair:4)
  A spriggan simulacrum (IceCv)
  7 yak simulacra (Lair:4)
  3 wolf simulacra (Lair:4)
  A killer bee zombie (D:8)
  A hound skeleton (D:4)
  4 howler monkey zombies
  11 gnolls
  12 adders
  A naga simulacrum (IceCv)
  An ufetubus (D:4)
  2 adder skeletons (D:4)
  4 worms
  3 dart slugs
  128 orcs
  7 endoplasms
  3 giant cockroaches
  9 hobgoblins
  6 jackals
  7 quokkas
  8 ball pythons
  11 bats
  4 frilled lizards
  9 goblins
  15 kobolds
  5 rats
1073 creatures vanquished.

Vanquished Creatures (collateral kills)
  A mana viper (Snake:4)
  A salamander (Snake:4)
  A guardian serpent (Snake:4)
3 creatures vanquished.

Vanquished Creatures (others)
  A deep elf pyromancer (Volcano)
  8 fungi
  18 plants
  2 withered plants (D:15)
29 creatures vanquished.

Grand Total: 1105 creatures vanquished

Notes
Turn   | Place    | Note
-------+----------+-------------------------------------------
     0 | D:1      | jejorda2 the Merfolk Berserker began the quest for the Orb.
     0 | D:1      | Reached XP level 1. HP: 18/18 MP: 1/1
   174 | D:1      | Reached XP level 2. HP: 16/24 MP: 2/2
   343 | D:1      | Reached skill level 5 in Polearms
   810 | D:2      | Reached XP level 3. HP: 24/29 MP: 3/3
   908 | D:2      | Reached ** piety under Trog
  1413 | D:2      | Reached XP level 4. HP: 37/37 MP: 4/4
  1460 | D:2      | Reached skill level 6 in Polearms
  1752 | D:3      | Reached XP level 5. HP: 42/42 MP: 5/5
  1965 | D:3      | Reached skill level 7 in Polearms
  2157 | D:3      | Found a glowing silver altar of Zin.
  2258 | D:3      | Found Boor's Armour Shoppe.
  2380 | D:4      | Reached XP level 6. HP: 49/49 MP: 6/6
  2392 | D:4      | Acquired a manual of Polearms
  2416 | D:4      | Noticed Duvessa
  2421 | D:4      | Found a staircase to the Ecumenical Temple.
  2423 | D:4      | Noticed Dowan
  2428 | Temple   | Entered the Ecumenical Temple
  2729 | D:4      | Killed Dowan
  2729 | D:4      | Reached *** piety under Trog
  2730 | D:4      | Reached skill level 8 in Polearms
  2742 | D:4      | Killed Duvessa
  2743 | D:4      | Reached skill level 9 in Polearms
  3076 | D:4      | Reached skill level 5 in Fighting
  3101 | D:4      | Reached XP level 7. HP: 56/56 MP: 7/7
  3204 | D:4      | Reached skill level 10 in Polearms
  3378 | D:4      | Reached skill level 11 in Polearms
  3857 | D:4      | Reached XP level 8. HP: 63/64 MP: 8/8
  4522 | D:5      | Entered Level 5 of the Dungeon
  4635 | D:5      | Reached skill level 12 in Polearms
  4759 | D:5      | Noticed Sigmund
  4767 | D:5      | Killed Sigmund
  4768 | D:5      | Reached skill level 13 in Polearms
  4853 | D:5      | Found Ylleoz's CLEARANCE SALE!.
  4858 | D:5      | Bought a scroll of blinking for 37 gold pieces
  4858 | D:5      | Bought a potion of degeneration for 5 gold pieces
  4970 | D:5      | Reached skill level 14 in Polearms
  5226 | D:5      | Reached skill level 15 in Polearms
  5487 | D:5      | Noticed Prince Ribbit
  5504 | D:5      | Killed Prince Ribbit
  5505 | D:5      | Reached skill level 16 in Polearms
  5505 | D:5      | Reached skill level 1 in Evocations
  5505 | D:5      | Reached XP level 9. HP: 61/69 MP: 9/9
  5566 | D:5      | Reached **** piety under Trog
  5955 | D:6      | Reached skill level 17 in Polearms
  5957 | D:6      | Reached skill level 5 in Armour
  6176 | D:6      | Identified the +1 scale mail "Deups" {Will++ Str+4 Int+4
                  | Dex+2}
  6675 | D:6      | Reached skill level 18 in Polearms
  7135 | D:7      | Reached XP level 10. HP: 56/76 MP: 10/10
  8171 | D:8      | Reached skill level 19 in Polearms
  8184 | D:8      | Noticed Grum
  8194 | D:8      | Killed Grum
  8316 | D:8      | Reached skill level 5 in Evocations
  8395 | D:8      | Noticed Harold
  8396 | D:8      | Noticed Pikel
  8415 | D:8      | Killed Harold
  8426 | D:8      | Killed Pikel
  8427 | D:8      | Reached skill level 20 in Polearms
  8502 | D:8      | Noticed a two-headed ogre
  8508 | D:8      | Killed a two-headed ogre
  8509 | D:8      | Reached XP level 11. HP: 83/83 MP: 11/11
  8530 | D:8      | Reached ***** piety under Trog
  8632 | D:8      | Noticed Ijyb
  8655 | D:8      | Killed Ijyb
  8946 | D:8      | Identified the +1 long sword "Merfolk's Foe" {drain, *Rage
                  | rC+ Int+3 Stlth+}
  9240 | D:9      | Received a gift from Trog
  9240 | D:9      | Found the +8 glaive of the Guard {elec, spectral, AC+5}
  9335 | D:9      | Noticed Erica
  9340 | D:9      | Killed Erica
  9696 | D:10     | Entered Level 10 of the Dungeon
 10011 | D:10     | Reached skill level 10 in Fighting
 10034 | D:10     | Reached XP level 12. HP: 97/97 MP: 12/12
 10058 | D:10     | Acquired the ring of Zuawumiy {rF+ Str+3 Int+2}
 10070 | D:10     | Noticed a two-headed ogre
 10074 | D:10     | Killed a two-headed ogre
 10114 | D:10     | Noticed a two-headed ogre
 10116 | D:10     | Killed a two-headed ogre
 10258 | D:10     | Noticed a centaur warrior
 10270 | D:10     | Killed a centaur warrior
 10299 | D:10     | Noticed a centaur warrior
 10314 | D:10     | Noticed a centaur warrior
 10316 | D:10     | Killed a centaur warrior
 10332 | D:10     | Killed a centaur warrior
 10338 | D:10     | Reached skill level 10 in Armour
 10424 | D:10     | Reached XP level 13. HP: 109/109 MP: 13/13
 10426 | D:10     | Received a gift from Trog
 10488 | D:10     | Noticed a frost giant
 10492 | D:10     | Killed a frost giant
 10932 | D:11     | Reached skill level 1 in Throwing
 11145 | D:11     | Noticed Maurice
 11153 | D:11     | Killed Maurice
 11205 | D:11     | Found a staircase to the Lair.
 11660 | Lair:1   | Entered Level 1 of the Lair of Beasts
 11671 | Lair:1   | Noticed Joseph
 11678 | Lair:1   | Killed Joseph
 11967 | Lair:1   | Reached skill level 5 in Throwing
 12726 | Lair:2   | Reached XP level 14. HP: 110/120 MP: 14/14
 12843 | Lair:2   | Found a staircase to the Shoals.
 13895 | Lair:4   | Found a frozen archway.
 13925 | IceCv    | Entered an ice cave
 14347 | IceCv    | Noticed a reaper
 14352 | IceCv    | Killed a reaper
 14439 | Lair:4   | Found a staircase to the Snake Pit.
 14450 | Lair:4   | Received a gift from Trog
 14541 | Lair:4   | Reached skill level 15 in Fighting
 15054 | Lair:5   | Found a staircase to the Slime Pits.
 15288 | Lair:5   | Noticed Urug
 15293 | Lair:5   | Killed Urug
 15483 | Lair:5   | Reached skill level 10 in Throwing
 15854 | Lair:6   | Entered Level 6 of the Lair of Beasts
 15891 | Lair:6   | Reached XP level 15. HP: 87/129 MP: 15/15
 15915 | Lair:6   | Found a dark tunnel.
 15927 | Volcano  | Entered a volcano
 15958 | Volcano  | Received a gift from Trog
 16702 | Lair:6   | Reached ****** piety under Trog
 16746 | Lair:6   | Found a large runed translucent door.
 16752 | Lair:6   | Found a large runed translucent door.
 16972 | Lair:6   | Received a gift from Trog
 17909 | D:12     | Found a white marble altar of Elyvilon.
 18167 | D:12     | Found a staircase to the Orcish Mines.
 18249 | Orc:1    | Entered Level 1 of the Orcish Mines
 18279 | D:12     | Received a gift from Trog
 18310 | Orc:1    | Noticed an orc warlord
 18326 | D:12     | Killed an orc warlord
 18327 | D:12     | Reached XP level 16. HP: 138/138 MP: 16/16
 18910 | Orc:2    | Entered Level 2 of the Orcish Mines
 18985 | Orc:2    | Noticed Donald
 19031 | Orc:2    | Killed Donald
 19110 | Orc:2    | Identified the +10 glaive of Ebeddo Reo {vorpal, rElec rN++
                  | Str-4 SInv Stlth+} (Trog gifted it to you on level 2 of the
                  | Orcish Mines)
 19110 | Orc:2    | Received a gift from Trog
 19284 | Orc:2    | Found a staircase to the Elven Halls.
 19598 | Orc:2    | Identified the +8 glaive "Maosmume" {vorpal, +Blink rCorr
                  | Str-3} (Trog gifted it to you on level 2 of the Orcish
                  | Mines)
 19598 | Orc:2    | Received a gift from Trog
 19625 | Orc:2    | Found Doseade's Antique Weapon Emporium.
 19631 | Orc:2    | Found Xoorgh's Antique Armour Shoppe.
 19905 | Orc:2    | Found Kany's Weapon Shop.
 20096 | Orc:2    | Found Emoilem's Antique Weapon Emporium.
 20168 | Orc:2    | Bought a glowing chain mail for 300 gold pieces
 20168 | Orc:2    | Bought a runed plate armour for 1040 gold pieces
 20581 | D:13     | Noticed Sonja
 20583 | D:13     | Killed Sonja
 20608 | D:13     | Noticed Rupert
 20617 | D:13     | Killed Rupert
 20734 | D:13     | Found a gate to the Vaults.
 20761 | D:13     | Found Ijoisos's Weapon Shoppe.
 20763 | D:13     | Noticed Erolcha
 20770 | D:13     | Killed Erolcha
 21236 | D:14     | Reached skill level 15 in Throwing
 21283 | D:14     | Identified the +8 war axe "Qad Zar" {freeze, rN+}
 21578 | D:14     | Found Kixt's Distillery.
 21592 | D:14     | Bought 2 potions of mutation for 192 gold pieces
 21670 | D:15     | Entered Level 15 of the Dungeon
 21694 | D:15     | Found a staircase to the Depths.
 22040 | D:15     | Noticed Azrael
 22045 | D:15     | Killed Azrael
 22190 | D:15     | Reached XP level 17. HP: 72/144 MP: 17/17
 22429 | D:15     | Identified the +4 long sword "Sarcophage" {drain, rN+}
 22991 | Snake:1  | Entered Level 1 of the Snake Pit
 22992 | Snake:1  | Noticed Aizul
 23000 | Snake:1  | Killed Aizul
 23591 | Snake:2  | Received a gift from Trog
 24106 | Snake:2  | Found Jilaadda's Book Shoppe.
 24115 | Snake:2  | Reached skill level 15 in Armour
 24790 | Snake:3  | Found a transporter.
 25164 | Snake:3  | Received a gift from Trog
 25174 | Snake:3  | Found a transporter.
 25703 | Snake:3  | Reached XP level 18. HP: 145/151 MP: 18/18
 25999 | Snake:3  | Identified the ring "Semes" {rF+ Will+ Str+7 Int+4 Dex-2}
 26010 | Snake:3  | Identified the ring "Ylleocvi" {rCorr Slay+3}
 26066 | Snake:4  | Entered Level 4 of the Snake Pit
 26334 | Snake:4  | Reached skill level 5 in Dodging
 26446 | Snake:4  | HP: 8/226 [salamander (9)]
 26446 | Snake:4  | HP: 3/226 [salamander (5)]
 26447 | Snake:4  | Slain by a salamander

Illustrated notes

Levels and vault maps discovered:
D:1:      minmay_arrival_jagged, layout_rooms
D:2:      layout_basic, minmay_split_cup_large
D:3:      layout_rooms, zin_scriptorium, serial_shops, shop,
          minmay_tree_intersection, guppyfry_early_lair_pool
D:4:      minmay_octagon_keep, layout_layer_cave,
          minmay_temple_entry_mini_moons, grunt_ministairs_4, uniq_duvessa
D:5:      layout_loops_ring, abandoned_shop, nicolae_shop_clearance,
          uniq_prince_ribbit1, uniq_sigmund
D:6:      layout_gridville, nicolae_elevator_lobby_plus
D:7:      layout_gridville
D:8:      erik_cavepeople, layout_rooms, minmay_misc_feat_five,
          grunt_ministairs_5, uniq_pikel, uniq_grum, uniq_harold
D:9:      layout_gridville, uniq_erica
D:10:     nzn_winding_woodlands_large [nzn_winding_woodlands_5x5_cross,
          nzn_winding_woodlands_5x15_sidewinder,
          nzn_winding_woodlands_5x5_perimeter,
          nzn_winding_woodlands_center_lodge,
          nzn_winding_woodlands_15x15_killbox,
          nzn_winding_woodlands_center_garden,
          nzn_winding_woodlands_5x5_open_star,
          nzn_winding_woodlands_5x15_crooked,
          nzn_winding_woodlands_5x5_default], layout_basic,
          minmay_chambers_of_fives
D:11:     layout_loops_ring, lair_entry_dummy, uniq_maurice
D:12:     layout_basic, hiddenorc1_lemuel, elyvilon_altar_4
D:13:     layout_stronghold, david_vaults_4, serial_shops, shop, uniq_rupert,
          uniq_sonja, uniq_erolcha
D:14:     layout_loops_cross, chequers_serial_rivers_micro_a, serial_shops,
          nicolae_shop_waterfront
D:15:     gammafunk_depths_entry_grave, layout_loops_cross,
          minmay_misc_feat_tower, minivault_11, hex_large,
          minmay_fractal_squares_diagonal_5, uniq_azrael
Temple:   mainiacjoe_temple_starburst
Lair:1:   beast_lair_carwin_large_1, layout_chaotic_city, uniq_joseph
Lair:2:   layout_big_grid, shoals_dummy_entry, grunt_megastairs_3
Lair:3:   layout_regular_city
Lair:4:   layout_misc_corridors, dummy_snake_entry,
          portal_ice_cave_entry_pillars_1, eino_house_with_fridge
Lair:5:   layout_small_grid, nicolae_slime_entry_slimehenge, uniq_urug
Lair:6:   cheibrodos_lair_end_hotspot, layout_gridlike,
          lightli_volcano_entry_magma_tube, roderic_batcave
Snake:1:  layout_rooms, uniq_aizul
Snake:2:  layout_cave_pods, serial_shops,
          nicolae_shop_temple_entry_statues_fountains
Snake:3:  gammafunk_its_a_trap, layout_misc_corridors
Snake:4:  grunt_snake_rune_pools, layout_cave_town, serial_bayou_shore_b
Orc:1:    layout_caves
Orc:2:    grunt_orc_community_town_hall, layout_diamond_mine,
          grunt_orc_community_big_house_1, grunt_orc_community_big_house_2,
          grunt_orc_community_house_2, grunt_orc_community_house_2,
          grunt_orc_community_house_3, grunt_orc_community_house_2, basic_altar,
          mines1_david, uniq_donald

Skill      XL: |  1  2  3  4  5  6  7  8  9 10 11 12 13 14 15 16 17 18 |
---------------+-------------------------------------------------------+-----
Polearms       | 5 6 7 9 11 16 18 20 | 20.0
Armour         | 2 3 4 5 6 8 10 11 12 13 16 | 16.1
Fighting       | 4 5 6 10 12 14 15 16 | 16.0
Evocations     | 1 4 6 7 |  7.7
Throwing       | 6 10 13 15 16 | 16.0
Dodging        | 3 6 |  6.7

Action                   |  1- 3 |  4- 6 |  7- 9 | 10-12 | 13-15 | 16-18 || total
-------------------------+-------+-------+-------+-------+-------+-------++-------
Melee: Spear             |   117 |   154 |   363 |       |       |       ||   634
       Trident           |       |       |    26 |       |    10 |       ||    36
       Glaive            |       |       |    14 |   365 |   566 |   700 ||  1645
       Halberd           |       |       |       |       |    36 |     2 ||    38
Throw: Stone             |       |     1 |     6 |     7 |     1 |       ||    15
       Dart              |       |       |       |       |    11 |    75 ||    86
       Boomerang         |       |       |       |       |     4 |    59 ||    63
Invok: Berserk           |       |     3 |     5 |     6 |    12 |     4 ||    30
       Trog's Hand       |       |       |     1 |     1 |     1 |     3 ||     6
       Brothers in Arms  |       |       |       |       |       |     1 ||     1
Evoke: Tin of tremorston |       |       |       |       |       |     2 ||     2
  Use: Scroll            |       |     7 |     8 |     4 |    11 |     1 ||    31
 Stab: Distracted        |       |       |       |     3 |     6 |    14 ||    23
Armor: Animal skin       |     1 |       |       |       |       |       ||     1
       Leather armour    |     3 |       |       |       |       |       ||     3
       Chain mail        |    18 |    50 |    38 |       |   111 |   283 ||   500
       Plate armour      |       |       |    44 |   128 |   124 |       ||   296
       Ice dragon scales |       |       |       |       |    10 |       ||    10
Dodge: Dodged            |    42 |    32 |    48 |    48 |   119 |   157 ||   446
Block: Other             |       |    25 |    46 |     2 |       |       ||    73
       Reflection        |       |     1 |     2 |       |       |       ||     3

Table legend: (Time is in decaauts)
 A = Elapsed time spent in this place.
 B = Non-inter-level travel time spent in this place.
 C = Inter-level travel time spent in this place.
 D = Time resting spent in this place.
 E = Time spent auto-exploring this place.
 F = Levels seen in this place.
 G = Mean time per level.
                   A        B        C        D        E       F      G
               +--------+--------+--------+--------+--------+-----+--------+
         Total |  25906 |  24395 |   1511 |   1869 |  17906 |  30 |  863.5 |
       Dungeon |  14281 |  13657 |    624 |    880 |  10408 |  15 |  952.1 |
        Temple |    624 |    542 |     82 |     45 |    481 |   1 |  624.0 |
          Lair |   5294 |   4822 |    472 |    222 |   3808 |   6 |  882.3 |
     Snake Pit |   3295 |   3082 |    213 |    606 |   1869 |   4 |  823.8 |
  Orcish Mines |   1706 |   1586 |    120 |      4 |   1135 |   2 |  853.0 |
      Ice Cave |    502 |    502 |      0 |    110 |    184 |   1 |  502.0 |
       Volcano |    201 |    201 |      0 |      0 |     21 |   1 |  201.0 |
               +--------+--------+--------+--------+--------+-----+--------+

Top non-repeatable levels by time:
     D:4: 1477 daAuts
 Snake:3: 1418 daAuts
  Lair:6: 1388 daAuts
     D:6: 1366 daAuts
     D:5: 1177 daAuts
    D:10: 1175 daAuts
 Snake:2: 1141 daAuts
   Orc:2: 1078 daAuts
    D:15: 1052 daAuts
     D:7: 1037 daAuts
     D:2: 925 daAuts
  Lair:1: 903 daAuts
    D:11: 902 daAuts
    D:13: 859 daAuts
  Lair:5: 829 daAuts
